 Dungeon Crawl Stone Soup version 0.21.1-1-g345015f (webtiles) character file.

67 letownia2 the Insei (level 4, -2/32 HPs)
             Began as a Merfolk Transmuter on Mar 15, 2018.
             Slain by an orc wizard
             ... wielding a +0 dagger
              (6 damage)
             ... on level 4 of the Dungeon.
             The game lasted 00:03:34 (781 turns).

letownia2 the Insei (Merfolk Transmuter)             Turns: 781, Time: 00:03:34

Health: -2/32      AC:  2    Str: 10    XL:     4   Next: 18%
Magic:  1/7        EV: 21    Int: 13    God:
Gold:   54         SH:  0    Dex: 19    Spells: 1/7 levels left

rFire    . . .     SeeInvis .     - Unarmed
rCold    . . .     Gourm    .   (shield currently unavailable)
rNeg     . . .     Faith    .   (armour currently unavailable)
rPois    x         Spirit   .   (helmet currently unavailable)
rElec    .         Reflect  .   (cloak currently unavailable)
rCorr    .         Harm     .   (gloves currently unavailable)
MR       .....                  (boots currently unavailable)
Stlth    +++.......             (no amulet)
HPRegen  0.10/turn              i - ring of stealth
MPRegen  0.10/turn              (no ring)

@: spider-form (expiring), very slightly contaminated
A: tiny, (change form in water), (swift swim), (stealthy swim)
a: End Transformation


You were on level 4 of the Dungeon.
You were not hungry.
You were a venomous arachnid creature.
You visited 1 branch of the dungeon, and saw 4 of its levels.

You collected 54 gold pieces.

Inventory:

Hand Weapons
 e - a +2 dagger of draining
Missiles
 a - 12 arrows
Armour
 b - a +0 robe (melded)
 k - a +0 helmet
 o - a +0 leather armour
Jewellery
 i - a ring of stealth (left front leg)
Scrolls
 g - 3 scrolls of identify {unknown}
 n - a scroll of amnesia {unknown}
 p - a scroll of magic mapping {unknown}
Potions
 f - a potion of invisibility {unknown}
 h - a potion of might {unknown}
 j - 2 potions of heal wounds {unknown}
 l - a potion of cancellation {unknown}
 m - a potion of curing {unknown}
Books
 c - a book of Changes

   Spells                             Type                      Level
   a - Beastly Appendage              Transmutation                1
   b - Sticks to Snakes               Transmutation                2
   c - Spider Form                    Transmutation/Poison         3
   d - Ice Form                       Ice/Transmutation            4
   e - Blade Hands                    Transmutation                5
Comestibles
 d - 3 rations
 q - 3 chunks of flesh


   Skills:
 + Level 1.2 Fighting
 - Level 2.6 Dodging
 + Level 4.0 Unarmed Combat
 - Level 2.0 Spellcasting
 + Level 3.8 Transmutations
 - Level 2.3 Poison Magic


You had one spell level left.
You knew the following spells:

 Your Spells              Type           Power        Failure   Level  Hunger
a - Beastly Appendage     Tmut           ##....       16%         1    ##.....
l - Sticks to Snakes      Tmut           ##......     21%         2    ###....
p - Spider Form           Tmut/Pois      #.........   43%         3    ####...


Dungeon Overview and Level Annotations

Branches:
Dungeon (4/15)
 Temple: D:4-7

Altars:


Message History

You turn into a venomous arachnid creature.
Your +0 robe melds into your body.
Unknown command.
The orc wizard gestures wildly while chanting.
The orc wizard flickers and vanishes!
Deactivating autopickup; reactivate with Ctrl-A.
Unknown command.
You hear some strange, mumbled words.
A magic dart appears from out of thin air!
The magic dart hits you!
* * * LOW HITPOINT WARNING * * *
You hit something. Something closely misses you.
You closely miss something.
You hear some strange, mumbled words.
Something tries to affect you, but you resist.
Unknown command.
You closely miss something.
Your transformation is almost over.
Something hits you.
You die...

#### ##).#
##..## ##.<.#
###..###
##.).##
######..###
.......s.#
.......{..#
...........#
...........#
...........#
.....^.....#
........[...
...........##


There were no monsters in sight!

Vanquished Creatures
  A worker ant (D:4)
  An adder (D:3)
  A dart slug (D:1)
  A leopard gecko (D:2)
  6 orcs
  A giant cockroach (D:2)
  3 goblins
  3 hobgoblins
  2 bats
  2 frilled lizards
  3 kobolds
  3 rats (D:1)
27 creatures vanquished.

Notes
Turn   | Place    | Note
-------+----------+-------------------------------------------
     0 | D:1      | letownia2 the Merfolk Transmuter began the quest for the Orb.
     0 | D:1      | Reached XP level 1. HP: 15/15 MP: 3/3
   208 | D:1      | Reached XP level 2. HP: 21/21 MP: 3/5
   322 | D:2      | Noticed an ice beast
   407 | D:1      | Learned a level 2 spell: Sticks to Snakes
   502 | D:3      | Reached XP level 3. HP: 6/26 MP: 4/6
   508 | D:3      | Learned a level 3 spell: Spider Form
   532 | D:3      | Noticed an ice beast
   581 | D:3      | Reached skill level 1 in Poison Magic
   630 | D:4      | Reached XP level 4. HP: 6/32 MP: 3/7
   757 | D:4      | Reached skill level 4 in Unarmed Combat
   781 | D:4      | Slain by an orc wizard

Skill      XL: |  1  2  3  4 |
---------------+-------------+-----
Transmutations | 3 |  3.8
Poison Magic   | 2 |  2.3
Unarmed Combat | 4 |  4.0
Fighting       | |  1.2
Dodging        | |  2.6
Spellcasting   | |  2.0

Action                   |  1- 3 |  4- 6 || total
-------------------------+-------+-------++-------
Melee: Unarmed           |    64 |    17 ||    81
       Headbutt          |     6 |       ||     6
 Cast: Beastly Appendage |     9 |       ||     9
       Spider Form       |     2 |     2 ||     4
 Stab: Sleeping          |     2 |       ||     2
  Eat: Chunk             |       |     1 ||     1
Armor: Robe              |     8 |     1 ||     9
       Skin              |       |     1 ||     1
Dodge: Dodged            |    39 |     7 ||    46
